 Dungeon Crawl Stone Soup version 0.25-a0-610-gd0df705f03 (webtiles) character file.

Game seed: 300816118390918246, levelgen mode: deterministic

83 Esekla the Charlatan (level 4, -6/21 HPs)
             Began as a Spriggan Artificer on Mar 16, 2020.
             Mangled by a gnoll
             ... wielding a +0 spear
              (10 damage)
             ... on level 2 of the Dungeon.
             The game lasted 00:08:32 (1943 turns).

Esekla the Charlatan (Spriggan Artificer)           Turns: 1943, Time: 00:08:32

Health: -6/21      AC:  2    Str:  8    XL:     4   Next: 22%
Magic:  8/8        EV: 19    Int: 13    God:
Gold:   43         SH:  0    Dex: 16    Spells: 8/8 levels left

rFire    . . .     SeeInvis +   a - +0 short sword
rCold    . . .     Gourm    .   (shield restricted)
rNeg     . . .     Faith    .   b - +0 robe
rPois    .         Spirit   .   (helmet restricted)
rElec    .         Reflect  .   (no cloak)
rCorr    .         Harm     .   (gloves unavailable)
MR       .....                  (boots unavailable)
Stlth    ++........             (no amulet)
HPRegen  0.07/turn              l - ring of wizardry
MPRegen  0.11/turn              (no ring)

@: very quick
A: very small, unfitting armour, see invisible, herbivore, speed 3, slow
metabolism 2
a: no special abilities


You were on level 2 of the Dungeon.
You were not hungry.

You visited 1 branch of the dungeon, and saw 2 of its levels.

You collected 43 gold pieces.

Inventory:

Hand Weapons
 a - a +0 short sword (weapon)
Armour
 b - a +0 robe (worn)
 i - a +0 leather armour
Jewellery
 l - a ring of wizardry (left hand)
Wands
 c - a wand of flame (15)
 d - a wand of enslavement (15)
 e - a wand of random effects (15)
Scrolls
 j - a scroll of identify {unknown}
 k - a scroll of magic mapping {unknown}
Potions
 g - 3 potions of curing {unknown}
 h - a potion of ambrosia {unknown}
Comestibles
 f - 3 rations


   Skills:
 - Level 0.7 Fighting
 * Level 2.9 Short Blades
 * Level 3.8 Dodging
 + Level 2.3 Stealth
 * Level 2.5 Spellcasting
 - Level 4.0 Evocations


You had 8 spell levels left.
You didn't know any spells.
Your spell library was empty.

Dungeon Overview and Level Annotations

Branches:
Dungeon (2/15)

Altars:


Innate Abilities, Weirdness & Mutations

You are very small and have problems with some larger weapons.
You are too small for most types of armour.
You have supernaturally acute eyesight. (SInv)
You are a herbivore.
You cover ground extremely quickly.
You need to consume almost no food.


Message History

The gnoll is heavily wounded.
The gnoll hits you with a +0 spear!
You hit the gnoll.
The gnoll is heavily wounded.
The gnoll misses you.
You hit the gnoll.
The gnoll is almost dead.
You closely miss the gnoll.
The gnoll is almost dead.
You hit the gnoll but do no damage.
The gnoll is almost dead.
The gnoll closely misses you.
You hit the gnoll but do no damage.
The gnoll is almost dead.
The gnoll hits you with a +0 spear!
* * * LOW HITPOINT WARNING * * *
The gnoll barely misses you.
A goblin comes into view. It is wielding a +0 dagger.
The gnoll hits you from afar with a +0 spear!
You die...

#.......# . !..# #
#.......# #. .g.#.#
#.......# #.##..#.#
#.......#.#.......#
##.......#.......#
#........######.##
#.###..### #g#
####.##...########g#
........#.......@.g#
.###.....÷##########
..........#
...†#..#..#
.##.......#
.####..#.##
....<..#.##
......#...#
#######...#


You could see 2 gnolls.

Vanquished Creatures
  3 adders (D:2)
  A worm (D:2)
  A dart slug (D:1)
  4 bats
  2 giant cockroaches (D:1)
  9 goblins
  8 hobgoblins
  7 jackals (D:1)
  A quokka (D:2)
  A ball python (D:2)
  A frilled lizard (D:1)
  4 kobolds
  6 rats
48 creatures vanquished.

Notes
Turn   | Place    | Note
-------+----------+-------------------------------------------
     0 | D:1      | Esekla the Spriggan Artificer began the quest for the Orb.
     0 | D:1      | Reached XP level 1. HP: 9/9 MP: 4/4
    16 | D:1      | Reached skill level 1 in Spellcasting
    47 | D:1      | Reached XP level 2. HP: 12/14 MP: 6/6
   664 | D:1      | Reached XP level 3. HP: 8/17 MP: 7/7
  1687 | D:1      | Reached XP level 4. HP: 21/21 MP: 8/8
  1943 | D:2      | Mangled by a gnoll

Levels and vault maps discovered:
D:1:      minmay_arrival_three_doors, layout_loops_cross, st_stairs_7,
          hangedman_decor_opposing
D:2:      layout_loops_cross

Skill      XL: |  1  2  3 |
---------------+----------+-----
Spellcasting   | 1 2 |  2.5
Short Blades   | 2 |  2.9
Stealth        | 2 |  2.3
Fighting       | |  0.7
Dodging        | |  3.8
Evocations     | |  4.0

Action                   |  1- 3 |  4- 6 || total
-------------------------+-------+-------++-------
Melee: Short sword       |   162 |    37 ||   199
 Stab: Sleeping          |    10 |       ||    10
Armor: Robe              |     9 |     3 ||    12
Dodge: Dodged            |   112 |    30 ||   142

Table legend:
 A = Non-vault XP
 B = Vault XP
 C = Vault XP percentage of total XP
 D = Non-vault monster count
 E = Vault monster count
 F = Vault count percentage of total count
                 A         B        C        D         E       F
            +---------+---------+-------+---------+---------+-------
      Total |     117 |       2 |   1.7 |      47 |       1 |   2.1
            +---------+---------+-------+---------+---------+-------
        D:1 |      60 |       2 |   3.2 |      34 |       1 |   2.9
        D:2 |      57 |       0 |   0.0 |      13 |       0 |   0.0
            +---------+---------+-------+---------+---------+-------
